 Dungeon Crawl Stone Soup version 0.17-a0-777-g32247ce (webtiles) character file.

326 RobertPalmer the Slicer (level 6, 33/35 HPs)
             Began as a Kobold Hunter on Apr 26, 2015.
             Was an Initiate of Okawaru.
             Drowned
             ... in a sewer.
             The game lasted 00:07:05 (3513 turns).

RobertPalmer the Slicer (Kobold Hunter)             Turns: 3513, Time: 00:07:06

Health: 33/35      AC:  4    Str: 11    XL:     6   Next: 79%
Magic:  6/6        EV: 14    Int: 11    God:    Okawaru [......]
Gold:   142        SH:  0    Dex: 16    Spells: 0 memorised, 5 levels left

rFire  . . .     SeeInvis .     a - +0 rapier
rCold  . . .     Clarity  .     d - +1 leather armour
rNeg   . . .     SustAb   .     (shield restricted)
rPois  .         Gourm    .     (no helmet)
rElec  .         Spirit   .     (no cloak)
rCorr  .         Warding  .     (no gloves)
rMut   .         Stasis   .     (no boots)
MR     .....                    (no amulet)
Stlth  +.........               (no ring)
                                (no ring)

@: very slightly contaminated, invisible, not resistant to hostile enchantments,
very unstealthy
A: carnivore 3
a: Renounce Religion


You were in a sewer.
You worshipped Okawaru.
Okawaru was noncommittal.
You were very full.

You visited 1 branch of the dungeon, and saw 3 of its levels.
You also visited: Sewer.

You collected 142 gold pieces.

Inventory:

Hand weapons
 a - a +0 rapier (weapon)
   (You found it on level 1 of the Dungeon)
 b - a +1 hand crossbow
Missiles
 c - 24 bolts
 g - a throwing net {=f, !d}
 u - 5 curare-tipped needles
Armour
 d - a +1 leather armour (worn)
Scrolls
 e - a scroll of recharging
 i - a scroll of amnesia
 n - 2 scrolls of teleportation {unknown}
 s - a scroll of fog {unknown}
Potions
 h - 2 potions of cancellation
 k - 3 potions of curing
 l - 2 potions of heal wounds
 o - a potion of poison {unknown}
 p - a potion of agility {unknown}
 q - a potion of haste {unknown}
 r - a potion of might {unknown}
 t - 2 potions of magic
 v - a potion of brilliance
Comestibles
 j - a meat ration {@e2}


   Skills:
 - Level 2.1 Fighting
 + Level 8.2 Short Blades
 - Level 4.8 Crossbows
 - Level 2.4 Dodging
 - Level 1.3 Stealth


You had 5 spell levels left.
You didn't know any spells.

Dungeon Overview and Level Annotations

Branches:
Dungeon (3/15)

Altars:
Gozag
Makhleb
Okawaru
Qazlal
Zin


Innate Abilities, Weirdness & Mutations

You are small and have problems with some larger weapons.
You are carnivorous and can eat meat at any time.


Message History

The big kobold splashes around in the water.
You hit the big kobold.
You kill the big kobold!
Okawaru accepts your kill.
You hear a splash. x2
You enter the shallow water.
Moving in this stuff is going to be slow.
n - 2 scrolls labeled WUMEETIFAUF (gained 1)
Things that are here:
a short sword; a big kobold corpse
w - a metallic sapphire potion You start resting.
Health restored: 35 Unknown command.
Partly explored, can't reach some places.
Partly explored, can't reach some places.
Partly explored, can't reach some places.
Partly explored, can't reach some places.
You enter the shallow water.
Moving in this stuff is going to be slow.
Things that are here:
a short sword; a big kobold corpse You see here a kobold corpse.
You see here a stone.
You enter the shallow water.
Moving in this stuff is going to be slow.
Drink which item? (? for menu, Esc to quit)
It was a potion of magic.
Magic courses through your body.
Drink which item? (? for menu, Esc to quit)
It was a potion of heal wounds.
You feel much better.
Drink which item? (? for menu, Esc to quit)
Okay, then.
Read which item? (? for menu, Esc to quit)
Identify which item? (\ to view known items) (? for menu, Esc to quit)
As you read the scroll of identify, it crumbles to dust.
v - a potion of brilliance You enter the shallow water.
Moving in this stuff is going to be slow.
You enter the shallow water.
Moving in this stuff is going to be slow.
You enter the shallow water.
Moving in this stuff is going to be slow.
You see here a rat skeleton.
You enter the shallow water.
Moving in this stuff is going to be slow.
There is a gate leading back out of this place here.
You enter the shallow water.
Moving in this stuff is going to be slow.
Drink which item? (? for menu, Esc to quit)
It was a potion of flight.
You feel very buoyant.
You fly up into the air.
Found three items.
Found a gate leading back out of this place.
A big kobold comes into view. It is wielding a club.
You closely miss the big kobold. The big kobold misses you.
You closely miss the big kobold.
The kobold shouts!
The big kobold hits you with a club.
You take 3 damage, and have 32/35 hp.
You barely miss the big kobold.
The big kobold splashes around in the water.
You completely miss the big kobold. You hit the big kobold.
The big kobold splashes around in the water.
You barely miss the big kobold. You hit the big kobold.
The big kobold splashes around in the water.
You completely miss the big kobold.
The big kobold splashes around in the water.
You hit the big kobold.
You hit the big kobold but do no damage.
The big kobold barely misses you.
You barely miss the big kobold.
The big kobold splashes around in the water.
You closely miss the big kobold.
The big kobold hits you but does no damage.
You hit the big kobold but do no damage.
Careful!
You are starting to lose your buoyancy.
You aren't carrying any items that can be evoked.
Read which item? (? for menu, Esc to quit)
As you read the scroll labeled KUHUBUMUGI, it crumbles to dust.
It is a scroll of recharging.
You aren't carrying any rechargeable items.
The big kobold splashes around in the water.
Drink which item? (? for menu, Esc to quit)
You fade into invisibility!
The big kobold hits you but does no damage.
You are very lightly contaminated with residual magic.
You strike the helpless big kobold from behind!
You puncture the big kobold!
You kill the big kobold!
Okawaru is honoured by your kill.
You hear a splash.
Your Short Blades skill increases to level 8!
You miss the kobold. You hit the kobold but do no damage.
You float gracefully downwards.
You fall into the water!
You sink like a stone!
You drown...
You die...

##### ##≈## ##≈## # ##...##
##≈≈≈## ##≈≈.## ##
#..≈..####.∩...#####..≈..####≈
#.≈...≈≈≈≈≈.∩.≈≈≈≈≈≈≈...≈≈)≈≈.
#.....####....≈#####.....####.
##≈.≈## ##≈≈.## ###≈≈.## ##
##÷## ##≈## .####≈## # #≈#
#≈###.!≈###≈# #≈#
#≈@K≈!∩!≈##≈# #≈#
#≈###.?.###≈# ##≈## ##≈##
≈####≈## # ##...## ##.≈≈##
###.≈.## ##
#≈....####≈...≈#####.≈≈.≈####.
#...≈.≈≈≈≈≈...≈≈≈≈≈≈≈.∩.≈≈≈≈≈≈
#.....####..≈..#####≈....####.
##...## ##...## ##≈≈.## ##
##.## ##≈## ##≈## #


You could see a kobold.

Vanquished Creatures
  2 big kobolds (Sewer)
  An iguana (D:3)
  Natasha (D:2)
  7 adders
  An ooze (Sewer)
  5 worms
  2 giant geckos
  2 orcs (D:3)
  8 ball pythons
  4 bats
  3 giant cockroaches
  3 goblins
  12 hobgoblins
  11 kobolds
  4 giant newts
  A quokka (D:2)
  10 rats
77 creatures vanquished.

Notes
Turn   | Place    | Note
--------------------------------------------------------------
     0 | D:1      | RobertPalmer, the Kobold Hunter, began the quest for the Orb.
     0 | D:1      | Reached XP level 1. HP: 12/12 MP: 1/1
    30 | D:1      | Reached skill level 1 in Short Blades
   105 | D:1      | Reached skill level 2 in Short Blades
   105 | D:1      | Reached XP level 2. HP: 14/17 MP: 2/2
   285 | D:1      | HP: 4/17 [hobgoblin (4)]
   333 | D:1      | HP: 2/17 [hobgoblin (5)]
   820 | D:1      | Reached skill level 3 in Short Blades
   869 | D:1      | Reached XP level 3. HP: 17/21 MP: 3/3
  1442 | D:2      | HP: 4/21 [worm (6)]
  1449 | D:2      | Reached skill level 4 in Short Blades
  1936 | D:2      | Found a glowing silver altar of Zin.
  1938 | D:2      | Found an opulent altar of Gozag.
  1947 | D:2      | Found a stormy altar of Qazlal.
  1950 | D:2      | Reached XP level 4. HP: 26/26 MP: 4/4
  1975 | D:2      | Noticed Natasha
  1979 | D:2      | Killed Natasha
  1979 | D:2      | Reached skill level 5 in Short Blades
  1990 | D:2      | Found an iron altar of Okawaru.
  2023 | D:2      | Became a worshipper of Warmaster Okawaru
  2338 | D:2      | Reached XP level 5. HP: 23/30 MP: 5/5
  2598 | D:2      | Found a burning altar of Makhleb.
  2821 | D:3      | Reached skill level 6 in Short Blades
  2937 | D:3      | Found a glowing drain.
  2945 | Sewer    | Entered a sewer
  3211 | Sewer    | Reached XP level 6. HP: 35/35 MP: 6/6
  3215 | Sewer    | Reached skill level 7 in Short Blades
  3511 | Sewer    | Reached skill level 8 in Short Blades
  3513 | Sewer    | Drowned

Action                   |  1- 3 |  4- 6 || total
-------------------------+-------+-------++-------
Melee: Short sword       |    49 |       ||    49
       Rapier            |    55 |   160 ||   215
 Fire: Hand crossbow     |    24 |    46 ||    70
  Use: Potion            |       |     6 ||     6
       Scroll            |       |     7 ||     7
 Stab: Sleeping          |     2 |     1 ||     3
       Invisible         |       |     3 ||     3
  Eat: Chunk             |     2 |     7 ||     9
       Meat ration       |       |     1 ||     1

Vault maps used:
D:1:      evilmike_arrival_run_for_it, serial_forest,
          infiniplex_forest_clump_double, infiniplex_forest_end_1,
          infiniplex_forest_clump_tiny, infiniplex_forest_clump_large,
          infiniplex_forest_straight_5, infiniplex_forest_straight_2,
          minmay_misc_feat_five, dk_noncrumbling_3
D:2:      lemuel_doored_altar, lightli_temple_of_fire, minitemple, uniq_natasha
D:3:      corexii_shack_village, portal_sewer_entry_e, uniq_robin
Sewer:    sewer_co_15_rooms

Table legend:
 A = Turns spent in this place as a percentage of turns spent in the entire game.
 B = Non-inter-level travel turns spent in this place as a percentage of non-inter-level travel turns spent in the entire game.
 C = Inter-level travel turns spent in this place as a percentage of turns spent in this place.
 D = Turns resting spent in this place as a percentage of non-inter-level travel turns spent in this place.
 E = Turns spent auto-exploring this place as a percentage of non-inter-level travel turns spent in this place.
 F = Non-inter-level travel turns spent in this place divided by the number of levels of this place that you've seen.
                   A       B       C       D       E      F
               +-------+-------+-------+-------+-------+----------------------
         Total | 100.0 | 100.0 |   0.3 |   1.6 |   6.6 | 320.0
       Dungeon |  79.8 |  79.8 |   0.4 |   1.8 |   6.3 | 340.3
         Sewer |  20.2 |  20.2 |   0.0 |   0.8 |   8.1 | 259.0
               +-------+-------+-------+-------+-------+----------------------

Table legend:
 A = Kills in this place as a percentage of kills in entire the game.
 B = Kills by you in this place as a percentage of kills by you in the entire game.
 C = Kills by friends in this place as a percentage of kills by friends in the entire game.
 D = Other kills in this place as a percentage of other kills in the entire game.
 E = Experience gained in this place as a percentage of experience gained in the entire game.
 F = Experience gained in this place divided by the number of levels of this place that you have seen.
                   A       B       C       D       E      F
               +-------+-------+-------+-------+-------+----------------------
         Total | 100.0 | 100.0 |  -nan |  -nan | 100.0 | 116.8
       Dungeon |  74.0 |  74.0 |  -nan |  -nan |  48.6 |  75.7
         Sewer |  26.0 |  26.0 |  -nan |  -nan |  51.4 | 240.0
               +-------+-------+-------+-------+-------+----------------------
